General information
- name: BNet
- type: Ladder team game (AT/RT)
- host: Battle.net
- saver: TIMG4STRok
map: Goldshire
- players: 4
- length: 14:33
- speed: Fast
- version: 1.21 W3XP
- replay type:

» download(88 KB)
Players
team 1 (winner)

»
iggy_the_fisk (
pink | 107 APM | 1554 actions | 14:32)
4 Blademaster
2 Wind Walk
2 Critical Strike
1 Shadow Hunter
1 Hex
» actions
| Assign group hotkey | 119 | |
| Basic commands | 10 | |
| Build / train | 49 | |
| Enter build submenu | 16 | |
| Enter hero's abilities submenu | 5 | |
| Give item / drop item | 1 | |
| Right click | 809 | |
| Select / deselect | 224 | |
| Select group hotkey | 249 | |
| Use ability | 72 | |
1554 total
» units
| Peon | 8 | |
| Grunt | 9 | |
| Raider | 5 | |
| Spirit Walker | 2 | |
24 total
» upgrades
| Spiked Barricades | 1 | |
| Berserker Strength | 1 | |
| Ensnare | 1 | |
| Pillage | 1 | |
| Spirit Walker Training | 1 | |
5 total
» buildings
| Altar of Storms | 1 | |
| Orc Burrow | 8 | |
| Barracks | 1 | |
| Voodoo Lounge | 1 | |
| Stronghold | 1 | |
| War Mill | 1 | |
| Beastiary | 1 | |
| Spirit Lodge | 2 | |
| Fortress | 1 | |
17 total
» build order
00:03 Altar of Storms
00:06 Orc Burrow
00:46 Barracks
01:19 Voodoo Lounge
01:34 Orc Burrow
03:22 Stronghold
04:11 War Mill
04:13 Orc Burrow
05:54 Beastiary
05:59 Spirit Lodge
06:42 Orc Burrow
07:11 Orc Burrow
07:54 Orc Burrow
08:08 Orc Burrow
09:26 Spirit Lodge
11:04 Orc Burrow
12:15 Fortress
» items
| Healing Salve | 2 | |
| Lesser Clarity Potion | 1 | |
| Scroll of Speed | 1 | |
4 total

»
TIMG4STRok (
green | 139 APM | 2020 actions | 14:33)
6 Lich
3 Frost Nova
1 Frost Armor
1 Dark Ritual
1 Death and Decay
2 Death Knight
1 Death Coil
1 Unholy Aura
» actions
| Assign group hotkey | 23 | |
| Basic commands | 71 | |
| Build / train | 42 | |
| Enter build submenu | 13 | |
| Enter hero's abilities submenu | 8 | |
| Right click | 1000 | |
| Select / deselect | 179 | |
| Select group hotkey | 639 | |
| Use ability | 45 | |
2020 total
» units
| Acolyte | 2 | |
| Ghoul | 13 | |
| Frost Wyrm | 4 | |
19 total
» upgrades
| Ghoul Frenzy | 1 | |
| Creature Attack | 2 | |
| Freezing Breath | 1 | |
4 total
» buildings
| Crypt | 1 | |
| Altar of Darkness | 1 | |
| Ziggurat | 5 | |
| Tomb of Relics | 1 | |
| Halls of the Dead | 3 | |
| Graveyard | 1 | |
| Black Citadel | 2 | |
| Sacrificial Pit | 1 | |
| Boneyard | 2 | |
17 total
» build order
00:09 Crypt
00:11 Altar of Darkness
00:26 Ziggurat
00:58 Tomb of Relics
01:24 Ziggurat
02:54 Halls of the Dead
02:54 Halls of the Dead
03:28 Ziggurat
04:05 Graveyard
05:15 Black Citadel
05:15 Black Citadel
06:49 Sacrificial Pit
07:55 Boneyard
08:16 Boneyard
08:29 Ziggurat
09:19 Ziggurat
» items
| Rod of Necromancy | 1 | |
| Scroll of Town Portal | 1 | |
| Orb of Corruption | 1 | |
3 total
team 2 (loser)
PlumberCrack (
orange | 102 APM | 1489 actions | 14:32)
4 Dreadlord
2 Sleep
2 Vampiric Aura
» actions
| Assign group hotkey | 19 | |
| Basic commands | 18 | |
| Build / train | 43 | |
| ESC pressed | 1 | |
| Enter build submenu | 11 | |
| Enter hero's abilities submenu | 4 | |
| Give item / drop item | 1 | |
| Remove unit from queue | 1 | |
| Right click | 777 | |
| Select / deselect | 311 | |
| Select group hotkey | 263 | |
| Use ability | 40 | |
1489 total
» units
» upgrades
| Unholy Armor | 2 | |
| Unholy Strength | 2 | |
| Ghoul Frenzy | 1 | |
5 total
» buildings
| Crypt | 3 | |
| Ziggurat | 3 | |
| Altar of Darkness | 1 | |
| Tomb of Relics | 1 | |
| Nerubian Tower | 1 | |
| Halls of the Dead | 1 | |
| Graveyard | 1 | |
| Black Citadel | 1 | |
| Spirit Tower | 1 | |
13 total
» build order
00:04 Crypt
00:07 Ziggurat
00:38 Crypt
00:56 Altar of Darkness
01:35 Ziggurat
01:50 Tomb of Relics
03:58 Nerubian Tower
05:21 Halls of the Dead
05:40 Graveyard
06:27 Ziggurat
07:49 Black Citadel
11:28 Spirit Tower
12:18 Crypt
» items
| Dust of Appearance | 1 | |
| Rod of Necromancy | 2 | |
| Potion of Healing | 1 | |
4 total
QUESTOFMEATBALL (
yellow | 75 APM | 1056 actions | 14:00)
3 Death Knight
2 Death Coil
1 Unholy Aura
2 Lich
1 Frost Nova
1 Frost Armor
» actions
| Assign group hotkey | 43 | |
| Basic commands | 15 | |
| Build / train | 41 | |
| ESC pressed | 4 | |
| Enter build submenu | 10 | |
| Enter hero's abilities submenu | 5 | |
| Right click | 512 | |
| Select / deselect | 164 | |
| Select group hotkey | 222 | |
| Use ability | 40 | |
1056 total
» units
| Acolyte | 2 | |
| Ghoul | 2 | |
| Crypt Fiend | 18 | |
| Obsidian Statue | 1 | |
| Meatwagon | 1 | |
24 total
» upgrades
» buildings
| Graveyard | 1 | |
| Crypt | 1 | |
| Altar of Darkness | 2 | |
| Ziggurat | 4 | |
| Tomb of Relics | 1 | |
| Halls of the Dead | 1 | |
| Slaughterhouse | 1 | |
| Black Citadel | 1 | |
| Nerubian Tower | 1 | |
| Spirit Tower | 1 | |
14 total
» build order
00:06 Graveyard
00:10 Crypt
00:41 Altar of Darkness
00:45 Altar of Darkness
01:03 Ziggurat
01:24 Tomb of Relics
02:01 Ziggurat
04:11 Ziggurat
05:00 Halls of the Dead
07:36 Slaughterhouse
07:48 Ziggurat
10:34 Black Citadel
10:42 Nerubian Tower
12:10 Spirit Tower
» items
| Rod of Necromancy | 2 | |
| Dust of Appearance | 1 | |
| Scroll of Town Portal | 1 | |
4 total
Chat log
(00:57 / All) QUESTOFMEATBALL: dk fien dor ghoul
(03:25 / All) PlumberCrack: GG
(03:26 / All) PlumberCrack: GG
(03:31 / All) PlumberCrack: GG
(03:31 / All) PlumberCrack: GGG
(03:32 / All) PlumberCrack: GGG
(04:37 / All) PlumberCrack: WOW
(04:51 / All) PlumberCrack: HATE THSI FUCKIONG GAME
(13:43 / All) PlumberCrack: NOOBEST
(13:44 / All) PlumberCrack: ALLY
(13:44 / All) PlumberCrack: LMAIO
(13:45 / All) PlumberCrack: LM<AO
(13:46 / All) PlumberCrack: LMAO
(13:46 / All) PlumberCrack: L<AO
(13:47 / All) PlumberCrack: L<AO
(13:47 / All) PlumberCrack: AL:
(13:49 / All) PlumberCrack: WOW
(13:50 / All) PlumberCrack: U SUCK
(13:51 / All) iggy_the_fisk: yea u pretty bad
(13:51 / All) PlumberCrack: U SUCK
(13:53 / All) PlumberCrack: UM SUCK
(13:54 / All) PlumberCrack: U SUCKL
(13:58 / All) PlumberCrack: FUCKU IN NOOB
(14:00 / All) TIMG4STRok: jesus christ you get two undead
(14:02 / All) TIMG4STRok: anmd you lose
(14:05 / All) TIMG4STRok: how is it possibkle
(14:05 / All) PlumberCrack: STFU
(14:06 / All) PlumberCrack: U SUCK
(14:07 / All) PlumberCrack: U SUCK
(14:08 / All) PlumberCrack: U SUCK
(14:09 / All) PlumberCrack: GTFO
(14:11 / All) PlumberCrack: WOLO ME
(14:12 / All) PlumberCrack: SOLO ME?
(14:13 / All) PlumberCrack: LOL
(14:14 / All) PlumberCrack: NOOB
(14:15 / All) PlumberCrack: GTFO
(14:17 / All) iggy_the_fisk: 1v1 noob?
(14:18 / All) PlumberCrack: DONT TALK SHIT
(14:19 / All) PlumberCrack: In 2s
(14:19 / All) PlumberCrack: LOL
(14:20 / All) PlumberCrack: LOL
(14:22 / All) PlumberCrack: COME CHAN RR
(14:22 / All) iggy_the_fisk: 1v1 noob?
(14:23 / All) PlumberCrack: FUCK
(14:25 / All) PlumberCrack: CHAN RR
(14:30 / All) PlumberCrack: I<MMA RAPE U SOP FUCK ING BAD
(14:31 / All) PlumberCrack: CHAN RR